 Dungeon Crawl Stone Soup version 0.28-a0-1142-gc8569940dd (webtiles) character file.

Game seed: 10493729818389649468

129 LadyOphelia the Slasher (level 5, -8/47 HPs)
             Began as a Gnoll Cinder Acolyte on Dec 13, 2021.
             Was a High Priest of Ignis.
             Mangled by an ogre (23 damage)
             ... on level 4 of the Dungeon.
             The game lasted 00:12:51 (4015 turns).

LadyOphelia the Slasher (Gnoll Cinder Acolyte)      Turns: 4015, Time: 00:12:52

Health: -8/47      AC:  2    Str: 15    XL:     5   Next: 12%
Magic:  9/9        EV: 11    Int: 14    God:    Ignis [*****.]
Gold:   183        SH:  0    Dex:  7    Spells: 6/10 levels left

rFire   + . .      SeeInvis .   a - -1 falchion (flame)
rCold   . . .      Faith    .   (no shield)
rNeg    . . .      Spirit   .   b - +0 robe
rPois   +          Reflect  .   (no helmet)
rElec   .          Harm     .   (no cloak)
rCorr   .          Rampage  .   (no gloves)
Will    .....                   (no boots)
Stlth   +.........              (no amulet)
HPRegen 0.15/turn               e - ring of poison resistance
MPRegen 0.11/turn               (no ring)

@: no status effects
A: fangs 1, strong nose, distributed training
a: Renounce Religion, Fiery Armour, Foxfire Swarm, Rising Flame


You were on level 4 of the Dungeon.
You worshipped Ignis.
Ignis was extremely pleased with you.
You visited 1 branch of the dungeon, and saw 4 of its levels.

You collected 183 gold pieces.

Inventory:

Hand Weapons
 a - a -1 falchion of flaming (weapon)
Armour
 b - a +0 robe (worn)
Jewellery
 e - a ring of poison resistance (left hand)
Scrolls
 c - a scroll of teleportation
 g - a scroll of magic mapping {unknown}
 h - a scroll of fear {unknown}
 j - 2 scrolls of identify
Potions
 d - a potion of attraction
 f - a potion of heal wounds
 i - a potion of haste {unknown}


   Skills:
 + Level 6.6 Fighting
 + Level 1.3 Short Blades
 + Level 6.6 Long Blades
 + Level 1.3 Axes
 + Level 1.3 Maces & Flails
 + Level 1.3 Polearms
 + Level 1.3 Staves
 + Level 1.3 Slings
 + Level 1.3 Bows
 + Level 1.3 Crossbows
 + Level 1.3 Throwing
 + Level 1.3 Armour
 + Level 1.3 Dodging
 + Level 1.3 Stealth
 + Level 1.3 Shields
 + Level 1.3 Unarmed Combat
 + Level 3.1 Spellcasting
 + Level 1.1 Conjurations
 + Level 1.1 Hexes
 + Level 1.1 Summonings
 + Level 1.1 Necromancy
 + Level 1.1 Translocations
 + Level 1.1 Transmutations
 + Level 5.5 Fire Magic
 + Level 1.1 Ice Magic
 + Level 1.1 Air Magic
 + Level 1.1 Earth Magic
 + Level 1.1 Poison Magic
 + Level 1.5 Invocations
 + Level 1.3 Evocations


You had 6 spell levels left.
You knew the following spells:

 Your Spells              Type           Power      Damage    Failure   Level
a - Scorch                Fire           34%        2d6       3%          2
b - Corpse Rot            Necr/Air       10%        N/A       21%         2

Your spell library contained the following spells:

 Spells                   Type           Power      Damage    Failure   Level
 Dispel Undead            Necr           5%         3d7       80%         4
 Death Channel            Necr           2%         N/A       100%        6


Dungeon Overview and Level Annotations

Branches:
Dungeon (4/15)
 Temple: D:4-7

Altars:
Gozag

Shops:
D:3 :


Innate Abilities, Weirdness & Mutations

You have very sharp teeth.
Your uncanny sense of smell can sniff out nearby items.
Your experience applies equally to all skills.


Message History

The hobgoblin is moderately wounded.
The hobgoblin hits you.
You hit the hobgoblin. You burn the hobgoblin.
You kill the hobgoblin!
Found 11 gold pieces.
Found a scroll of identify.
You now have 183 gold pieces (gained 11).
j - 2 scrolls of identify (gained 1)
You see here a hobgoblin skeleton.
You see here a frilled lizard skeleton.
Done exploring.
Done exploring.
(D) Dungeon
Where to? (Enter - D:3, ? - help)
What level of the Dungeon? (default 1, ? - help)
There is a stone staircase leading down here.
You climb downwards.
Found a spear.
There is a stone staircase leading up here.
Found 18 stones.
A hobgoblin comes into view.
The hobgoblin shouts!
A hobgoblin is nearby!
Found an escape hatch in the floor.
You slash the hobgoblin! You burn the hobgoblin.
You kill the hobgoblin!
Found an escape hatch in the ceiling.
An ogre comes into view. It is wielding a +0 giant club.
An ogre is nearby!
The ogre shouts!
The ogre hits you with a +0 giant club!
You barely miss the ogre. Your bite misses the ogre.
You hit the ogre but do no damage. The ogre completely misses you.
You hit the ogre. You burn the ogre.
The ogre is lightly wounded.
The ogre hits you with a +0 giant club!
You hit the ogre but do no damage.
The ogre is lightly wounded.
The ogre hits you with a +0 giant club!!
You die...

#.##.##..........
#.##.##..........
.#######.##<######......
..........#.# ###......
########....####...(....
#...####...#......
#.######.#.#......
#.#......#.#......
#@#.######.#......
#O#.#.#....#......
#.#.#....)........
..#.#+#<...##.....
...#........# ∆
....#............
.....#......######
......#.#..###
#......#.#...


You could see an ogre.

Vanquished Creatures
  A hound (D:3)
  2 adders
  A worm (D:3)
  4 dart slugs (D:3)
  4 orcs (D:3)
  5 endoplasms
  7 goblins
  8 hobgoblins
  7 jackals
  6 quokkas
  3 ball pythons
  2 bats
  4 frilled lizards
  4 kobolds
  2 rats
60 creatures vanquished.

Vanquished Creatures (others)
  A frilled lizard (D:3)
1 creature vanquished.

Grand Total: 61 creatures vanquished

Notes
Turn   | Place    | Note
-------+----------+-------------------------------------------
     0 | D:1      | LadyOphelia the Gnoll Cinder Acolyte began the quest for
                  | the Orb.
     0 | D:1      | Reached XP level 1. HP: 23/23 MP: 4/4
     2 | D:1      | Noticed a naga
     4 | D:1      | Noticed a vampire
     4 | D:1      | Noticed a spriggan
     6 | D:1      | Noticed a gargoyle
     8 | D:1      | Noticed a demonspawn
     8 | D:1      | Noticed a troll
    10 | D:1      | Noticed a vine stalker
    12 | D:1      | Noticed a demigod
    12 | D:1      | Noticed an octopode
    14 | D:1      | Noticed a merfolk
    14 | D:1      | Noticed an elf
    16 | D:1      | Noticed a minotaur
    18 | D:1      | Noticed a human
    18 | D:1      | Noticed a formicid
    20 | D:1      | Noticed an ogre
    20 | D:1      | Noticed a ghoul
    22 | D:1      | Noticed a dwarf
    24 | D:1      | Noticed a draconian
    24 | D:1      | Noticed a tengu
    26 | D:1      | Noticed a felid
   212 | D:1      | Reached XP level 2. HP: 27/29 MP: 5/5
  1508 | D:2      | Reached XP level 3. HP: 27/35 MP: 7/7
  1527 | D:2      | Learned a level 2 spell: Scorch
  1537 | D:2      | Learned a level 2 spell: Corpse Rot
  2091 | D:2      | Reached skill level 1 in Invocations
  2606 | D:3      | Reached skill level 1 in Short Blades
  2606 | D:3      | Reached skill level 1 in Axes
  2606 | D:3      | Reached skill level 1 in Maces & Flails
  2606 | D:3      | Reached skill level 1 in Polearms
  2606 | D:3      | Reached skill level 1 in Staves
  2606 | D:3      | Reached skill level 1 in Slings
  2606 | D:3      | Reached skill level 1 in Bows
  2606 | D:3      | Reached skill level 1 in Crossbows
  2606 | D:3      | Reached skill level 1 in Throwing
  2606 | D:3      | Reached skill level 1 in Armour
  2606 | D:3      | Reached skill level 1 in Dodging
  2606 | D:3      | Reached skill level 1 in Stealth
  2606 | D:3      | Reached skill level 1 in Shields
  2606 | D:3      | Reached skill level 1 in Unarmed Combat
  2606 | D:3      | Reached skill level 1 in Evocations
  2608 | D:3      | Reached XP level 4. HP: 30/41 MP: 5/8
  2822 | D:3      | Reached skill level 1 in Conjurations
  2822 | D:3      | Reached skill level 1 in Hexes
  2822 | D:3      | Reached skill level 1 in Summonings
  2822 | D:3      | Reached skill level 1 in Necromancy
  2822 | D:3      | Reached skill level 1 in Translocations
  2822 | D:3      | Reached skill level 1 in Transmutations
  2822 | D:3      | Reached skill level 1 in Ice Magic
  2822 | D:3      | Reached skill level 1 in Air Magic
  2822 | D:3      | Reached skill level 1 in Earth Magic
  2822 | D:3      | Reached skill level 1 in Poison Magic
  3049 | D:3      | Found an opulent altar of Gozag.
  3202 | D:3      | Found Xits's Book Shop.
  3380 | D:3      | Reached XP level 5. HP: 42/47 MP: 9/9
  4004 | D:4      | Noticed an ogre
  4015 | D:4      | Mangled by an ogre

Illustrated notes

Levels and vault maps discovered:
D:1:      kb_arrival_jail, layout_basic
D:2:      layout_loops_cross
D:3:      layout_rooms, nicolae_gozag_seed_capital, serial_shops, shop,
          fountainhead, grunt_decor_one_mirror, minmay_close_crescents
D:4:      layout_basic, vehumet_crystals, kennysheep_generic_room_10

Skill      XL: |  1  2  3  4 |
---------------+-------------+-----
Invocations    | 1 |  1.5
Short Blades   | 1 |  1.3
Axes           | 1 |  1.3
Maces & Flails | 1 |  1.3
Polearms       | 1 |  1.3
Staves         | 1 |  1.3
Slings         | 1 |  1.3
Bows           | 1 |  1.3
Crossbows      | 1 |  1.3
Throwing       | 1 |  1.3
Armour         | 1 |  1.3
Dodging        | 1 |  1.3
Stealth        | 1 |  1.3
Shields        | 1 |  1.3
Unarmed Combat | 1 |  1.3
Evocations     | 1 |  1.3
Spellcasting   | 3 |  3.1
Conjurations   | 1 |  1.1
Hexes          | 1 |  1.1
Summonings     | 1 |  1.1
Necromancy     | 1 |  1.1
Translocations | 1 |  1.1
Transmutations | 1 |  1.1
Ice Magic      | 1 |  1.1
Air Magic      | 1 |  1.1
Earth Magic    | 1 |  1.1
Poison Magic   | 1 |  1.1
Fighting       | |  6.6
Long Blades    | |  6.6
Fire Magic     | |  5.5

Action                   |  1- 3 |  4- 6 || total
-------------------------+-------+-------++-------
Melee: Falchion          |   111 |    84 ||   195
       Bite              |     6 |     7 ||    13
 Cast: Scorch            |     2 |       ||     2
Invok: Fiery Armour      |     1 |       ||     1
  Use: Scroll            |     3 |       ||     3
 Stab: Sleeping          |     1 |       ||     1
Armor: Robe              |    27 |    19 ||    46
Dodge: Dodged            |    78 |    60 ||   138

Table legend: (Time is in decaauts)
 A = Elapsed time spent in this place.
 B = Non-inter-level travel time spent in this place.
 C = Inter-level travel time spent in this place.
 D = Time resting spent in this place.
 E = Time spent auto-exploring this place.
 F = Levels seen in this place.
 G = Mean time per level.
                   A        B        C        D        E       F      G
               +--------+--------+--------+--------+--------+-----+--------+
         Total |   4010 |   3972 |     38 |    657 |   2679 |   4 | 1002.5 |
       Dungeon |   4010 |   3972 |     38 |    657 |   2679 |   4 | 1002.5 |
               +--------+--------+--------+--------+--------+-----+--------+

Top non-repeatable levels by time:
     D:1: 1495 daAuts
     D:3: 1364 daAuts
     D:2: 1092 daAuts
     D:4: 57 daAuts
